Map: Frozen Temple

Players

NeedWeed - Winner!

  • Race: Zerg Zerg

blackxored

  • Race: Zerg Zerg
  • League: Diamond

VOD

Have the link to the VOD?

Description

Time

  • Played on: June 30, 2016, 12:24 p.m.
  • Length: 8:46
Show
View Real Time Build Order
Export as new Build Order

NeedWeed Zerg - Winner!

Build Orders: Pool First 

Get SALT Encoding   

  12  0:01  Drone  
  13  0:08  Drone  
  14  0:15  Extractor  
  14  0:16  Drone  
  14  0:32  Spawning Pool  
  13  0:36  Drone  
  14  0:43  Extractor  
  14  0:44  Drone  
  15  0:52  Overlord  
  15  1:19  Zergling x6  
  15  1:20  Metabolic Boost  
  18  1:26  Queen  
  20  1:33  Zergling x2  
  21  1:42  Drone  
  22  1:59  Hatchery  
  21  2:02  Overlord  
  21  2:16  Drone  
  22  2:26  Drone x2  
  21  2:46  Zergling x6  
  23  2:53  Queen  
  23  2:56  Hatchery  
  24  3:15  Queen  
  24  3:17  Drone x3  
  24  3:18  Drone  
  27  3:30  Zergling x8  
  31  3:38  Spine Crawler  
  30  3:52  Drone x5  
  35  3:59  Overlord  
  35  4:04  Baneling Nest  
  35  4:07  Roach Warren  
  34  4:29  Drone  
  34  4:30  Drone x7  
  42  4:48  Drone x2  
  42  4:49  Overlord x3  
  44  4:58  Roach x3  
  49  5:08  Lair  
  45  5:27  Roach x3  
  45  5:28  Roach  
  45  5:39  Drone  
  45  5:40  Drone x2  
  48  5:43  Extractor  
  47  5:54  Overlord x2  
  47  5:55  Queen  
  49  6:07  Roach x3  
  49  6:08  Roach  
  57  6:12  Extractor, Drone x3  
  57  6:13  Extractor, Drone x2  
  60  6:21  Ravager  
  61  6:32  Roach x2  
  65  6:35  Drone x2  
  65  6:36  Overlord, Drone x2  
  69  6:56  Roach x5  
  69  6:59  Roach  
  81  7:12  Roach x3  
  87  7:17  Ravager x3  
  90  7:24  Overseer  
  90  7:49  Roach  
  90  7:50  Roach x3  
  98  7:52  Overlord  
  98  7:53  Overlord x4  
  86  8:07  Zergling x2  
  86  8:08  Zergling x14  
  90  8:21  Zergling x2  
  90  8:22  Zergling x10  
Show
View Real Time Build Order
Export as new Build Order

blackxored Zerg 

Build Orders: Hatch First, Zergling Baneling 

Get SALT Encoding   

  12  0:01  Drone  
  13  0:08  Drone  
  14  0:17  Overlord  
  14  0:22  Extractor  
  14  0:24  Drone  
  15  0:35  Drone  
  15  0:36  Drone  
  17  0:53  Hatchery  
  17  0:56  Drone  
  17  0:59  Drone  
  18  1:11  Extractor  
  17  1:14  Spawning Pool  
  17  1:16  Drone  
  17  1:19  Drone  
  18  1:27  Drone  
  19  1:38  Overlord  
  19  1:48  Drone  
  20  2:00  Zergling x2  
  21  2:02  Queen, Spine Crawler  
  21  2:05  Queen  
  21  2:06  Zergling x2  
  25  2:14  Zergling x2  
  26  2:16  Baneling Nest  
  26  2:19  Zergling x2  
  26  2:25  Zergling x2  
  26  2:28  Zergling x2  
  27  2:40  Zergling x4  
  29  2:59  Baneling x3  
  29  3:01  Metabolic Boost  
  29  3:03  Drone x2  
  29  3:04  Drone x3  
  34  3:16  Baneling  
  34  3:30  Hatchery  
  33  3:39  Overlord  
  33  3:41  Overlord  
  33  3:54  Overlord  
  33  3:55  Overlord  
  33  4:06  Drone x2  
  36  4:17  Zergling x2  
  36  4:19  Queen  
  38  4:29  Zergling x2  
  39  4:36  Baneling x8  
  39  4:44  Drone  
  39  4:45  Drone  
  41  4:47  Baneling x2  
  41  4:53  Zergling x4  
  43  5:01  Zergling x2  
  43  5:06  Zergling x2  
  37  5:29  Drone x5  
  37  5:34  Drone x2  
  37  5:35  Roach Warren  
  43  5:37  Evolution Chamber  
  43  5:38  Extractor  
  43  5:42  Drone  
  42  5:43  Drone x3  
  42  5:45  Lair  
  42  5:48  Drone  
  46  6:02  Drone x2  
  48  6:08  Hatchery  
  48  6:10  Zerg Missile Weapons Level 1  
  47  6:13  Extractor, Drone x4  
  47  6:14  Extractor  
  47  6:15  Drone  
  50  6:18  Drone  
  50  6:20  Drone  
  50  6:21  Drone  
  53  6:29  Overlord, Roach  
  55  6:42  Roach  
  55  6:43  Roach  
  55  6:44  Glial Reconstitution  
  55  6:45  Overlord  
  59  6:48  Overseer  
  59  6:50  Overlord  
  59  6:54  Roach x2  
  63  6:56  Roach  
  63  7:01  Roach  
  67  7:09  Roach x3  
  73  7:20  Queen  
  73  7:21  Roach x3  
  80  7:36  Roach  
  81  7:38  Overlord x3  
  81  7:44  Overlord x2  
  81  7:57  Spine Crawler  
  80  8:03  Roach x6  
  71  8:13  Roach x4  
  71  8:19  Roach x2  
  73  8:25  Roach  
Tags
 
Add a new tag
Caveats
  • Supply blocks, unpowered buildings, or Contaminate may cause inaccurate times.
  • Supply counts are checked every 10 seconds.